 Dungeon Sprint DCSS version 0.31-a0-662-g684573625c (webtiles) character file.

Game seed: 15046291352686633641

2561 fingers the Fighter (level 9, -18/95 HPs)
             Began as a Ghoul Monk on Sept 1, 2023.
             Was a High Priest of Trog.
             Killed from afar by an efreet (20 damage)
             ... with a fireball
             ... in the Dungeon (Sprint IX: "|||||||||||||||||||||||||||||").
             The game lasted 00:03:54 (372 turns).

fingers the Fighter (Ghoul Monk)                     Turns: 372, Time: 00:03:54

Health: -18/95     AC: 13    Str: 22    XL:     9   Next: 56%
Magic:  8/8        EV:  9    Int:  5    God:    Trog [*****.]
Gold:   0          SH:  0    Dex: 11    Spells: 8/8 levels left

rFire   . . .        n - +4 quarterstaff (speed)
rCold   + . .        (shield currently unavailable)
rNeg    + + +        j - +0 plate armour
rPois   ∞            (no helmet)
rElec   .            (no cloak)
rCorr   .            i - +0 pair of gloves
SInv    .            (no boots)
Will    .....        (no amulet) Stlth
                     k - +2 ring of protection
HPRegen 0.00/turn    l - +3 ring of strength
MPRegen 0.11/turn

%: no teleportation
@: inhibited regen
A: claws 1, cold resistance 1, negative energy resistance 3, inhibited
regeneration, torment resistance 2, devour on kill
a: Renounce Religion, Trog's Hand, Brothers in Arms


You were in the Dungeon.
You worshipped Trog.
Trog was extremely pleased with you.
You visited 1 branch

Inventory:

Hand Weapons
 m - the +2 dire flail "Xeofer" {drain, rElec Str-3 Dex+3 Stlth+}
   (You found it in the Dungeon)

   Str-3:     It affects your strength (-3).
   Dex+3:     It affects your dexterity (+3).
   rElec:     It insulates you from electricity.
   Stlth+:    It makes you more stealthy.
 n - a +4 quarterstaff of speed (weapon)
Armour
 a - a +0 robe
 c - a +0 cloak
 i - a +0 pair of gloves (worn)
 j - a +0 plate armour (worn)
Jewellery
 k - a +2 ring of protection (left hand)
 l - a +3 ring of strength (right hand)
Potions
 b - a potion of invisibility
 e - 2 potions of curing
 g - 4 potions of magic


   Skills:
 + Level 14.3 Fighting
 * Level 9.2 Staves
 + Level 1.2 Armour
 + Level 10.7 Dodging
 + Level 2.7 Stealth
 - Level 8.1 Unarmed Combat
 + Level 4.0 Evocations


You had 8 spell levels left.
You didn't know any spells.
Your spell library was empty.

Dungeon Overview and Level Annotations

Branches:
Dungeon (1/1)

Altars:
Cheibriados
Dithmenos
Fedhas
Gozag
Hepliaklqana
Kikubaaqudgha
Makhleb
Nemelex Xobeh
Okawaru
Qazlal
Ru
Sif Muna
Trog
Uskayaw
Vehumet
Wu Jian
Xom
Yredelemnul
Jiyva
Lugonu


Innate Abilities, Weirdness & Mutations

You are immune to poison.
You have sharp fingernails.
Your flesh is cold resistant. (rC+)
You are immune to negative energy. (rN+++)
You do not regenerate when monsters are visible.
You are immune to unholy pain and torment.
You thrive by killing the living.


Message History

You are covered in liquid flames!
The meliai invokes the aid of its god against you.
Something smites you!
Your Fighting skill increases to level 14!
Your Armour skill increases to level 1!
You feel better.
You are covered in liquid flames!
You are no longer on fire.
The meliai mumbles some strange prayers to its god against you.
Something smites you!
The boulder beetle is engulfed in blazing flames.
You feel much better.
The meliai calls down the wrath of its god upon you.
Something smites you!
The meliai invokes the aid of its god against you.
Something smites you!
The boulder beetle is engulfed in blazing flames.
You miss the meliai.
The meliai is severely wounded.
The meliai invokes the aid of its god against you.
Something smites you!
* * * LOW HITPOINT WARNING * * *
You hit the meliai.
The meliai is almost dead.
The meliai hits you with a +0 hand axe!
* * * LOW HITPOINT WARNING * * *
The meliai stings you but does no damage.
You thump the meliai!
You kill the meliai!
Trog accepts your kill.
Your Staves skill increases to level 9!
Your Evocations skill increases to level 4!
You feel better. The efreet gestures at you.
The fireball explodes!
The fireball engulfs you!!
* * * LOW HITPOINT WARNING * * *
The boulder beetle leaps!
The efreet gestures at you.
The fireball explodes!
The fireball engulfs you!!
You die... ▓▓▓▓▓▓▓▓▓▓▓▓▓▓▓▓▓▓▓▓▓▓▓▓▓▓▓ ___'.?)[.....†..@.)R°BT...T ▓▓▓▓▓▓▓▓▓▓▓▓▓▓▓▓▓▓▓▓▓▓▓▓▓▓▓

You could see a boulder beetle, a troll and an efreet.

Vanquished Creatures
  A centaur warrior (D)
  A two-headed ogre (D)
  A deep elf pyromancer (D)
  A meliai (D)
  A hornet (D)
  A wraith (D)
  A black bear (D)
  2 centaurs (D)
  A killer bee (D)
  2 hounds (D)
  An orc wizard (D)
  A ball python (D)
  A quokka (D)
  2 frilled lizards (D)
  A kobold (D)
  A rat (D)
19 creatures vanquished.

Notes
Turn   | Place    | Note
-------+----------+-------------------------------------------
     0 | D        | fingers the Ghoul Monk began the quest for the Orb.
     0 | D        | Reached XP level 1. HP: 19/19 MP: 0/0
    48 | D        | Noticed a hound
    48 | D        | Noticed a black bear
    48 | D        | Noticed a hound
    48 | D        | Noticed an orc wizard
    68 | D        | Killed a black bear
    69 | D        | Reached skill level 6 in Fighting
    69 | D        | Reached skill level 5 in Dodging
    69 | D        | Reached XP level 2. HP: 11/31 MP: 1/1
    69 | D        | Reached XP level 3. HP: 14/38 MP: 2/2
    69 | D        | Reached XP level 4. HP: 17/45 MP: 3/3
    75 | D        | Found a snail-covered altar of Cheibriados.
    75 | D        | Found a shadowy altar of Dithmenos.
    75 | D        | Found a blossoming altar of Fedhas.
    75 | D        | Found an opulent altar of Gozag.
    76 | D        | Found a hazy altar of Hepliaklqana.
    77 | D        | Found a viscous altar of Jiyva.
    78 | D        | Found an ancient bone altar of Kikubaaqudgha.
    79 | D        | Found a corrupted altar of Lugonu.
    80 | D        | Found a burning altar of Makhleb.
    81 | D        | Found a sparkling altar of Nemelex Xobeh.
    82 | D        | Found an iron altar of Okawaru.
    83 | D        | Found a stormy altar of Qazlal.
    84 | D        | Found a sacrificial altar of Ru.
    85 | D        | Found a shimmering blue altar of Sif Muna.
    86 | D        | Found a bloodstained altar of Trog.
    87 | D        | Found a hide-covered altar of Uskayaw.
    88 | D        | Found a radiant altar of Vehumet.
    89 | D        | Found an ornate altar of the Wu Jian Council.
    90 | D        | Found a shimmering altar of Xom.
    91 | D        | Found a basalt altar of Yredelemnul.
    94 | D        | Became a worshipper of Trog the Wrathful
    94 | D        | Reached * piety under Trog
    94 | D        | Reached ** piety under Trog
   107 | D        | Reached XP level 5. HP: 18/51 MP: 4/4
   120 | D        | Reached skill level 7 in Fighting
   121 | D        | Reached *** piety under Trog
   304 | D        | Got the +2 dire flail "Xeofer" {drain, rElec Str-3 Dex+3
                  | Stlth+}
   336 | D        | Noticed a wraith
   336 | D        | Noticed a hornet
   336 | D        | Noticed a two-headed ogre
   336 | D        | Noticed a centaur
   336 | D        | Noticed a centaur
   338 | D        | Killed a centaur
   338 | D        | Killed a centaur
   339 | D        | Reached skill level 9 in Fighting
   339 | D        | Reached XP level 6. HP: 62/63 MP: 5/5
   340 | D        | Reached skill level 1 in Stealth
   340 | D        | Reached skill level 1 in Evocations
   340 | D        | Killed a two-headed ogre
   340 | D        | Reached **** piety under Trog
   341 | D        | Reached skill level 11 in Fighting
   341 | D        | Reached XP level 7. HP: 75/75 MP: 6/6
   341 | D        | Reached XP level 8. HP: 83/83 MP: 7/7
   341 | D        | Killed a wraith
   342 | D        | Reached skill level 12 in Fighting
   345 | D        | Killed a hornet
   355 | D        | Noticed a deep elf pyromancer
   355 | D        | Noticed a centaur warrior
   355 | D        | Noticed a meliai
   355 | D        | Noticed an efreet
   355 | D        | Noticed a troll
   355 | D        | Noticed a boulder beetle
   362 | D        | Killed a centaur warrior
   363 | D        | Reached skill level 13 in Fighting
   363 | D        | Reached skill level 10 in Dodging
   363 | D        | Reached XP level 9. HP: 62/93 MP: 8/8
   365 | D        | Killed a deep elf pyromancer
   365 | D        | Reached ***** piety under Trog
   366 | D        | Reached skill level 14 in Fighting
   366 | D        | Reached skill level 1 in Armour
   370 | D        | Killed a meliai
   371 | D        | HP: 2/95 [efreet/fireball (18)]
   372 | D        | Killed from afar by an efreet

Illustrated notes

Levels and vault maps discovered:
D:        linesprint [early_d, line_temple, items_1, d_10, items_2, lair_1,
          lair_end, items_3, orc_1, orc_end, items_4, d_15, swamp_1, shoals_1,
          snake_1, spider_1, d_20, vaults_1, items_5, swamp_end, shoals_end,
          snake_end, spider_end, vaults_end, d_27, items_6, zot_1, zot_end,
          crypt_end, forest_end, elf_end, slime_end, tomb_end, abyss_end,
          pan_hell_end]

Skill      XL: |  1  2  3  4  5  6  7  8  9 |
---------------+----------------------------+-----
Dodging        | 5 7 9 10 | 10.7
Fighting       | 6 9 11 13 14 | 14.3
Unarmed Combat | 6 7 8 |  8.1
Staves         | 3 6 8 9 |  9.2
Stealth        | 1 2 |  2.7
Evocations     | 2 3 4 |  4.0
Armour         | 1 |  1.2

Action                     |  1- 3 |  4- 6 |  7- 9 || total
---------------------------+-------+-------+-------++-------
  Melee: Unarmed           |    25 |    23 |       ||    48
         Quarterstaff      |       |       |     8 ||     8
  Evoke: Wand              |       |     4 |     6 ||    10
    Use: Potion            |     3 |     1 |     4 ||     8
         Scroll            |       |     1 |     1 ||     2
 Armour: Robe              |    27 |     8 |       ||    35
         Plate armour      |       |     5 |    15 ||    20
  Dodge: Dodged            |    22 |    16 |     2 ||    40

Table legend: (Time is in decaauts)
 A = Elapsed time spent in this place.
 B = Non-inter-level travel time spent in this place.
 C = Inter-level travel time spent in this place.
 D = Time resting spent in this place.
 E = Time spent auto-exploring this place.
 F = Levels seen in this place.
 G = Mean time per level.
                   A        B        C        D        E       F      G
               +--------+--------+--------+--------+--------+-----+--------+
         Total |    345 |    345 |      0 |      0 |     29 |   1 |  345.0 |
       Dungeon |    345 |    345 |      0 |      0 |     29 |   1 |  345.0 |
               +--------+--------+--------+--------+--------+-----+--------+

Top non-repeatable levels by time:
       D: 345 daAuts
